 Dungeon Crawl Stone Soup version 0.28-a0-21-gf74fda84f9 (webtiles) character file.

Game seed: 11602689885861972314

6506 bande the Cleaver (level 11, -1/66 HPs)
             Began as a Gargoyle Fighter on July 27, 2021.
             Was a High Priest of Okawaru.
             Slain by a two-headed ogre (10 damage)
             ... on level 10 of the Dungeon.
             The game lasted 00:22:57 (12157 turns).

bande the Cleaver (Gargoyle Fighter)               Turns: 12157, Time: 00:22:58

Health: -1/66      AC: 20    Str: 21    XL:     11   Next: 0%
Magic:  15/15      EV:  9    Int: 10    God:    Okawaru [*****.]
Gold:   1211       SH: 18    Dex: 16    Spells: 10/10 levels left

rFire   + . .      SeeInvis .   y - +5 war axe
rCold   . . .      Faith    .   c - +1 kite shield
rNeg    + . .      Spirit   .   p - +1 scale mail {Will+}
rPois   ∞          Reflect  +   (no helmet)
rElec   +          Harm     .   f - +0 cloak
rCorr   .          Rampage  .   k - +0 pair of gloves
Will    +....                   G - +0 pair of boots
Stlth   ..........              b - amulet of reflection
HPRegen 0.21/turn               g - ring of protection from fire
MPRegen 0.14/turn               A - +6 ring of dexterity

@: no status effects
A: sickness immunity, AC +8, negative energy resistance 1, electricity
resistance, torment resistance 1, petrification resistance
a: Renounce Religion, Heroism, Finesse


You were on level 10 of the Dungeon.
You worshipped Okawaru.
Okawaru was extremely pleased with you.
You visited 2 branches of the dungeon, and saw 11 of its levels.

You collected 1211 gold pieces.

Inventory:

Hand Weapons
 a - a +0 war axe
 e - a +0 hand axe of flaming
 y - a +5 war axe (weapon)
Missiles
 i - 14 atropa-tipped darts (quivered)
 v - 2 curare-tipped darts
 E - a throwing net
Armour
 c - a +1 kite shield (worn)
 f - a +0 cloak (worn)
 h - a +0 plate armour
 k - a +0 pair of gloves (worn)
 p - a +1 scale mail of willpower (worn)
 C - a +2 ring mail of fire resistance
 G - a +0 pair of boots (worn)
Jewellery
 b - an amulet of reflection (around neck)
 g - a ring of protection from fire (left hand)
 w - a +6 ring of intelligence
 A - a +6 ring of dexterity (right hand)
Wands
 s - a wand of flame (39)
 t - a wand of acid (8)
 x - a wand of paralysis (9)
Scrolls
 j - 7 scrolls of teleportation
 l - 2 scrolls of silence
 m - 3 scrolls of amnesia
 D - a scroll of magic mapping
Potions
 d - 3 potions of might
 n - 2 potions of curing
 o - 2 potions of flight
 q - 3 potions of ambrosia {unknown}
 r - 2 potions of heal wounds
 u - a potion of lignification {unknown}
 z - a potion of brilliance {unknown}
 B - a potion of haste {unknown}
 F - a potion of experience {unknown}


   Skills:
 + Level 6.6 Fighting
 + Level 9.1 Axes
 + Level 6.6 Armour
 - Level 2.1 Dodging
 - Level 0.9 Stealth
 + Level 8.6 Shields
 * Level 6.5 Invocations
 * Level 3.7 Evocations


You had 10 spell levels left.
You didn't know any spells.
Your spell library contained the following spells:

 Spells                   Type           Power      Damage    Failure   Level
 Magic Dart               Conj           0%         1d3       91%         1
 Sandblast                Erth           0%         2d4       91%         1
 Call Imp                 Summ           0%         N/A       97%         2
 Passwall                 Tmut/Erth      0%         N/A       97%         2
 Mephitic Cloud           Conj/Pois/Air  0%         N/A       100%        3
 Lee's Rapid Deconstruct  Erth           0%         3d5*      100%        5


Dungeon Overview and Level Annotations

Branches:
Dungeon (10/15)            Temple (1/1) D:5             Orc (0/2) D:9
   Lair: D:8-11

Altars:
Ashenzari
Cheibriados
Elyvilon
Gozag
Kikubaaqudgha
Makhleb
Nemelex Xobeh
Okawaru
Qazlal
Sif Muna
Vehumet
Wu Jian
Xom
Zin

Annotations:
D:5 2 transporters, Rallik's ghost, novice OpTm


Innate Abilities, Weirdness & Mutations

You are immune to sickness and miasma.
Your stone body is resilient. (AC +8)
You are immune to poison.
You resist negative energy. (rN+)
You are resistant to electric shocks. (rElec)
You are resistant to unholy torment.
You are immune to petrification.


Message History

Okawaru will now gift you equipment as you gain piety.
You have reached level 11!
You hit the two-headed ogre.
The two-headed ogre is lightly wounded.
The two-headed ogre hits you with a +0 dire flail!
You block the two-headed ogre's attack.
You hit the two-headed ogre.
The two-headed ogre is lightly wounded.
The two-headed ogre completely misses you.
The two-headed ogre hits you with a +0 giant spiked club!
You slash the two-headed ogre!
The two-headed ogre is moderately wounded.
You block the two-headed ogre's attack. x2
You hit the two-headed ogre.
The two-headed ogre is moderately wounded.
You block the two-headed ogre's attack.
The two-headed ogre hits you with a +0 giant spiked club!
You hit the two-headed ogre but do no damage.
The two-headed ogre is moderately wounded.
You block the two-headed ogre's attack.
The two-headed ogre hits you with a +0 giant spiked club!
You slash the two-headed ogre!
The two-headed ogre is heavily wounded.
The two-headed ogre hits you but does no damage.
The two-headed ogre hits you with a +0 giant spiked club.
You slash the two-headed ogre!
The two-headed ogre is severely wounded.
The two-headed ogre hits you with a +0 dire flail!
* * * LOW HITPOINT WARNING * * *
You block the two-headed ogre's attack.
Your shield prevents you from hitting the two-headed ogre.
The two-headed ogre is severely wounded.
The two-headed ogre closely misses you.
The two-headed ogre hits you with a +0 giant spiked club!
* * * LOW HITPOINT WARNING * * *
You hit the two-headed ogre.
The two-headed ogre is almost dead.
You block the two-headed ogre's attack.
The two-headed ogre hits you with a +0 giant spiked club!
You die...

............######.#
..>...#.###........#
...####.# ##########
... #.# .. #.# #.#
#.# #.# #@# #O#
.......Z.O.P/.P
####.........P.
#...........
#.......P.PP
...#...P.P##
#####..P...#
#...P..#


You could see a two-headed ogre and a centaur warrior zombie.

Vanquished Creatures
  Maggie (D:9)
  Psyche (D:8)
  A komodo dragon (D:10)
  2 wyverns (D:8)
  6 yaks (D:9)
  An acid dragon (D:9)
  3 water moccasins
  4 black bears
  2 hornet zombies
  2 centaurs (D:9)
  2 ice beasts
  2 necrophages
  A sky beast (D:5)
  A phantom (D:5)
  4 kobold brigands
  5 bullfrogs
  2 scorpions
  A wyvern skeleton (D:6)
  19 wights
  A howler monkey (D:7)
  8 crimson imps
  2 centaur zombies
  3 hounds
  4 orc priests
  3 jellies
  Natasha (twice) (D:2)
  5 iguanas
  6 orc wizards
  Robin (D:4)
  A howler monkey zombie (D:8)
  5 gnolls
  A howler monkey skeleton (D:7)
  8 adders
  3 shadow imps
  4 white imps
  2 worms
  3 dart slugs
  34 orcs
  4 bats
  7 endoplasms
  4 giant cockroaches
  22 goblins
  11 hobgoblins
  8 jackals
  10 quokkas
  11 ball pythons
  3 frilled lizards
  26 kobolds
  9 rats
271 creatures vanquished.

Notes
Turn   | Place    | Note
-------+----------+-------------------------------------------
     0 | D:1      | bande the Gargoyle Fighter began the quest for the Orb.
     0 | D:1      | Reached XP level 1. HP: 14/14 MP: 1/1
    32 | D:1      | Reached XP level 2. HP: 10/19 MP: 2/2
   660 | D:1      | Found a faded altar of an unknown god.
   665 | D:1      | Reached skill level 2 in Axes
   680 | D:1      | Reached XP level 3. HP: 20/24 MP: 3/3
  1261 | D:2      | Noticed Natasha
  1282 | D:2      | Killed Natasha
  1283 | D:2      | Reached XP level 4. HP: 21/29 MP: 4/4
  1578 | D:2      | Reached skill level 3 in Axes
  1944 | D:2      | Reached XP level 5. HP: 30/33 MP: 5/5
  2280 | D:2      | Noticed Natasha
  2292 | D:2      | Killed Natasha
  3590 | D:4      | Reached XP level 6. HP: 38/38 MP: 6/6
  3734 | D:3      | Reached skill level 4 in Axes
  3798 | D:4      | Found a shimmering blue altar of Sif Muna.
  3799 | D:4      | Found a stormy altar of Qazlal.
  3801 | D:4      | Found an ancient bone altar of Kikubaaqudgha.
  3863 | D:4      | Noticed Robin
  3873 | D:4      | Killed Robin
  3909 | D:4      | Identified a scroll of acquirement
  3909 | D:4      | Acquired 546 gold pieces
  3967 | D:4      | Found an opulent altar of Gozag.
  3971 | D:4      | Found a broken altar of Ashenzari.
  4270 | D:4      | Reached skill level 5 in Shields
  4274 | D:4      | Reached XP level 7. HP: 41/44 MP: 7/7
  4377 | D:5      | Entered Level 5 of the Dungeon
  4458 | D:5      | Found a transporter.
  4458 | D:5      | Noticed Rallik's ghost (novice OpTm)
  4526 | D:5      | Found a transporter.
  4547 | D:5      | Found a staircase to the Ecumenical Temple.
  4561 | Temple   | Entered the Ecumenical Temple
  4569 | Temple   | Became a worshipper of Warmaster Okawaru
  4906 | D:5      | Reached skill level 5 in Axes
  4906 | D:5      | Reached skill level 1 in Dodging
  4935 | D:5      | Reached skill level 1 in Invocations
  5401 | D:5      | Reached * piety under Okawaru
  5402 | D:5      | Reached XP level 8. HP: 44/48 MP: 9/9
  5532 | D:5      | Reached skill level 5 in Armour
  6075 | D:5      | Found a radiant altar of Vehumet.
  6076 | D:5      | Found a burning altar of Makhleb.
  6452 | D:6      | Reached skill level 5 in Fighting
  6452 | D:6      | Reached skill level 6 in Axes
  6926 | D:6      | Reached ** piety under Okawaru
  7197 | D:6      | Found a glowing silver altar of Zin.
  7198 | D:6      | Noticed an angel
  7202 | D:6      | Found a shimmering altar of Xom.
  7211 | D:6      | Reached XP level 9. HP: 44/54 MP: 11/11
  8511 | D:6      | Reached skill level 7 in Axes
  8511 | D:6      | Reached skill level 1 in Evocations
  8889 | D:7      | Reached *** piety under Okawaru
  8931 | D:7      | Found an ornate altar of the Wu Jian Council.
  9486 | D:8      | Reached skill level 5 in Invocations
  9767 | D:8      | Noticed Psyche
  9792 | D:8      | Killed Psyche
  9792 | D:8      | Reached **** piety under Okawaru
  9793 | D:8      | Reached XP level 10. HP: 60/60 MP: 12/14
 10144 | D:8      | Reached skill level 8 in Axes
 10371 | D:9      | Noticed Maggie
 10385 | D:9      | Killed Maggie
 10388 | D:9      | Found a snail-covered altar of Cheibriados.
 10600 | D:9      | Received a gift from Okawaru
 10790 | D:9      | Found a staircase to the Orcish Mines.
 11934 | D:9      | Identified the +3 mace "Ycriuts" {flame, rPois rF+ Int+2
                  | Dex-3}
 12032 | D:10     | Entered Level 10 of the Dungeon
 12089 | D:10     | Found a white marble altar of Elyvilon.
 12135 | D:10     | Noticed a two-headed ogre
 12138 | D:10     | Reached skill level 9 in Axes
 12147 | D:10     | Reached ***** piety under Okawaru
 12148 | D:10     | Reached XP level 11. HP: 66/66 MP: 15/15
 12157 | D:10     | Slain by a two-headed ogre

Illustrated notes

Levels and vault maps discovered:
D:1:      matt_arrival_diagonals, layout_basic, ebering_ecumenical_altar_rust
D:2:      minmay_door_path, layout_loops_corners, uniq_natasha
D:3:      layout_rooms, minmay_misc_feat_diagonals
D:4:      minmay_chambers_of_threes, layout_cave_pools,
          grunt_temple_overflow_open, serial_column_ruins, column_ruins_grid_4,
          column_ruins_corridor_T, column_ruins_corridor_straight,
          column_ruins_columns_straight, column_ruins_open_small, uniq_robin
D:5:      layout_layer_cave, grunt_temple_overflow_lords_of_destruction,
          minmay_temple_entry_glass, gammafunk_ghost_mausoleum,
          serial_park_tiny_2
D:6:      layout_basic, grunt_temple_overflow_order_and_chaos_1
D:7:      layout_basic, nicolae_wu_jian_wuxing_cycle
D:8:      layout_basic, hangedman_decor_lopped, uniq_psyche
D:9:      layout_roguey, kennysheep_slug_shrine, minmay_nine_imps, uniq_maggie
D:10:     gammafunk_corrupted_shrine, layout_loops_corners,
          mainiacjoe_overflow_cross_hatched, grunt_lair_entry_orc_guard_hut
Temple:   dpeg_chambers_temple

Skill      XL: |  1  2  3  4  5  6  7  8  9 10 |
---------------+-------------------------------+-----
Axes           | 2 3 4 5 6 7 9 |  9.1
Shields        | 4 5 6 7 8 |  8.6
Fighting       | 4 5 6 |  6.6
Armour         | 4 5 6 |  6.6
Dodging        | 1 2 |  2.1
Invocations    | 1 3 5 6 |  6.5
Evocations     | 2 3 |  3.7
Stealth        | |  0.9

Action                   |  1- 3 |  4- 6 |  7- 9 | 10-12 || total
-------------------------+-------+-------+-------+-------++-------
Melee: War axe           |   148 |   251 |   462 |   235 ||  1096
  Use: Scroll            |     5 |     3 |     3 |     3 ||    14
Armor: Scale mail        |    20 |    25 |   240 |    65 ||   350
       Plate armour      |    92 |   113 |       |       ||   205
Dodge: Dodged            |    19 |    46 |   109 |    52 ||   226
Block: Kite shield       |   138 |   259 |   442 |   196 ||  1035
       Reflection        |       |     3 |     7 |    12 ||    22

Table legend: (Time is in decaauts)
 A = Elapsed time spent in this place.
 B = Non-inter-level travel time spent in this place.
 C = Inter-level travel time spent in this place.
 D = Time resting spent in this place.
 E = Time spent auto-exploring this place.
 F = Levels seen in this place.
 G = Mean time per level.
                   A        B        C        D        E       F      G
               +--------+--------+--------+--------+--------+-----+--------+
         Total |  12635 |  12442 |    193 |   3165 |   6278 |  11 | 1148.6 |
       Dungeon |  12619 |  12426 |    193 |   3165 |   6278 |  10 | 1261.9 |
        Temple |     16 |     16 |      0 |      0 |      0 |   1 |   16.0 |
               +--------+--------+--------+--------+--------+-----+--------+

Top non-repeatable levels by time:
     D:6: 2202 daAuts
     D:5: 2102 daAuts
     D:2: 2060 daAuts
     D:9: 1372 daAuts
     D:8: 1273 daAuts
     D:1: 1090 daAuts
     D:7: 916 daAuts
     D:4: 797 daAuts
     D:3: 676 daAuts
    D:10: 127 daAuts
  Temple: 16 daAuts
